 Dungeon Crawl Stone Soup version 0.30.1-4-g462c640d31 (webtiles) character file.

Game seed: 929164404651402509

1949 safid the Chiller (level 9, -7/68 (70) HPs)
             Began as a Merfolk Ice Elementalist on Sept 13, 2023.
             Mangled by a spriggan defender zombie (16 damage)
             ... on level 1 of the Abyss.
             The game lasted 00:10:48 (5808 turns).

safid the Chiller (Merfolk Ice Elementalist)        Turns: 5808, Time: 00:10:49

HP:   -7/68 (70)    AC:  7    Str:  8    XL:     9   Next: 18%
MP:   17/17         EV: 16    Int: 18    God:
Gold: 315           SH:  0    Dex: 15    Spells: 12/19 levels left

rFire   . . .        k - +3 whip
rCold   . . .        (no shield)
rNeg    . . .        a - +0 robe
rPois   .            f - +2 helmet
rElec   .            s - +0 cloak
rCorr   .            (no gloves)
SInv    .            i - +0 pair of boots
Will    .....        c - amulet of regeneration
Stlth   ++           (no ring)
HPRegen 1.11/turn    (no ring)
MPRegen 0.15/turn

%: no passive effects
@: about to teleport, lightly drained
A: (nimble swimmer 2), mertail
a: no special abilities


You were on level 1 of the Abyss.
You visited 2 branches of the dungeon, and saw 8 of its levels.
You visited the Abyss 1 time.

You collected 343 gold pieces.
You spent 28 gold pieces at shops.

Inventory:

Hand Weapons
 k - a +3 whip (weapon)
Armour
 a - a +0 robe (worn)
 f - a +2 helmet (worn)
 i - a +0 pair of boots (worn)
 s - a +0 cloak (worn)
Jewellery
 c - an amulet of regeneration (around neck)
Wands
 u - a wand of flame (34)
Scrolls
 e - 2 scrolls of magic mapping {unknown}
 n - a scroll of enchant weapon {unknown}
 q - a scroll of vulnerability {unknown}
 t - a scroll of blinking {unknown}
 w - 2 scrolls of teleportation
 x - a scroll of fear {unknown}
Potions
 b - a potion of magic
 g - 4 potions of lignification
 h - a potion of invisibility {unknown}
 j - a potion of brilliance {unknown}
 m - 5 potions of heal wounds
 o - 2 potions of haste {unknown}
 p - a potion of curing {unknown}
 r - a potion of attraction {unknown}
 v - 2 potions of might {unknown}


   Skills:
 + Level 6.3 Fighting
 + Level 7.7 Dodging
 - Level 2.1 Stealth
 + Level 5.7 Spellcasting
 + Level 7.9 Ice Magic


You had 12 spell levels left.
You knew the following spells:

 Your Spells              Type           Power      Damage    Failure   Level
a - Freeze                Ice            100%       1d10      1%          1
b - Frozen Ramparts       Ice            66%        1d10      1%          3
c - Ozocubu's Armour      Ice            33%        N/A       1%          3

Your spell library contained the following spells:

 Spells                   Type           Power      Damage    Failure   Level
 Summon Ice Beast         Ice/Summ       19%        N/A       24%         4
 Mephitic Cloud           Conj/Pois/Air  5%         N/A       36%         3
 Animate Dead             Necr           5%         N/A       77%         4
 Dispel Undead            Necr           5%         3d7       77%         4
 Death's Door             Necr           2%         N/A       100%        9


Dungeon Overview and Level Annotations

Branches:
Dungeon (7/15)             Temple (1/1) D:4

Altars:
Ashenzari
Cheibriados
Dithmenos
Elyvilon
Fedhas
Gozag
Kikubaaqudgha
Makhleb
Nemelex Xobeh
Qazlal
Ru
Sif Muna
Trog
Uskayaw
Wu Jian
Xom
Yredelemnul
Zin
The Shining One

Shops:
D:2 *

Annotations:
D:4 Grinder


Innate Abilities, Weirdness & Mutations

((You are very nimble when in or above water. (Stealth+, EV+, Speed+++)))
Your lower body shifts to a powerful aquatic tail in water.


Message History

You whack the spriggan defender zombie!
The spriggan defender zombie is lightly damaged.
The spriggan defender zombie closely misses you.
Unknown command.
You barely miss the spriggan defender zombie.
The spriggan defender zombie is lightly damaged.
The spriggan defender zombie hits you but does no damage.
The spriggan defender zombie hits you!
You miss the spriggan defender zombie.
The spriggan defender zombie is lightly damaged.
The spriggan defender zombie hits you!
* * * LOW HITPOINT WARNING * * *
The spriggan defender zombie misses you.
You hit the spriggan defender zombie.
The spriggan defender zombie is lightly damaged.
The spriggan defender zombie misses you.
You miss the spriggan defender zombie.
The spriggan defender zombie is lightly damaged.
The spriggan defender zombie closely misses you.
The spriggan defender zombie hits you but does no damage.
Unknown command.
The spriggan defender zombie hits you but does no damage.
The spriggan defender zombie attacks as you move away!
The spriggan defender zombie misses you.
The spriggan defender zombie completely misses you.
As you read the scroll of teleportation, it crumbles to dust.
You feel strangely unstable.
You feel the power of the Abyss delaying your translocation!
The spriggan defender zombie hits you!
* * * LOW HITPOINT WARNING * * *
Unknown command.
The spriggan defender zombie hits you!
* * * LOW HITPOINT WARNING * * *
The spriggan defender zombie attacks as you move away!
The spriggan defender zombie misses you.
The spriggan defender zombie attacks as you move away!
The spriggan defender zombie hits you.
* * * LOW HITPOINT WARNING * * *
The spriggan defender zombie hits you!
You die...

#..# #.#
...#.###
. .#
##..### .
.#.
##.#.# .
. #
#..####
.. #.
##....###
##.#.Z.#
...###@#
#####
#..# ####


You could see a spriggan defender zombie.

Vanquished Creatures
  Pikel (D:6)
  Eustachio (D:6)
  A water moccasin (D:6)
  A black bear (D:6)
  A centaur (D:7)
  2 lemures (D:6)
  A phantom (D:4)
  2 bullfrogs (D:6)
  Blork the orc (D:6)
  3 scorpions
  2 wights (D:7)
  4 hounds (D:6)
  2 orc priests
  4 orc wizards (D:6)
  2 iguanas
  5 adders
  2 white imps (D:6)
  2 worms (D:2)
  2 dart slugs
  15 orcs
  4 ball pythons
  5 bats
  3 endoplasms
  5 giant cockroaches
  6 goblins
  6 hobgoblins
  3 jackals (D:5)
  3 quokkas
  A frilled lizard (D:1)
  7 kobolds
  9 rats
106 creatures vanquished.

Notes
Turn   | Place    | Note
-------+----------+-------------------------------------------
     0 | D:1      | safid the Merfolk Ice Elementalist began the quest for the
                  | Orb.
     0 | D:1      | Reached XP level 1. HP: 13/13 MP: 3/3
   271 | D:1      | Reached XP level 2. HP: 17/20 MP: 5/5
   289 | D:1      | Reached skill level 1 in Fighting
   612 | D:1      | Found a faded altar of an unknown god.
   847 | D:2      | Reached XP level 3. HP: 14/26 MP: 6/6
   853 | D:2      | Learned a level 3 spell: Frozen Ramparts
   966 | D:2      | Found Raimefeps's General Store.
   984 | D:2      | Bought a scroll of identify for 28 gold pieces
  1215 | D:2      | Reached skill level 5 in Ice Magic
  1219 | D:2      | Learned a level 3 spell: Ozocubu's Armour
  1396 | D:2      | Reached XP level 4. HP: 33/33 MP: 8/8
  2256 | D:4      | Found a white marble altar of Elyvilon.
  2282 | D:4      | Reached XP level 5. HP: 39/39 MP: 9/9
  2323 | D:4      | Found a staircase to the Ecumenical Temple.
  2337 | Temple   | Entered the Ecumenical Temple
  2643 | D:4      | Got Sif Muna's Information on the Rancid Undead
  2666 | D:4      | Noticed a phantom
  2861 | D:4      | Found a glowing golden altar of the Shining One.
  2951 | D:4      | Noticed Grinder
  3050 | D:4      | Killed a phantom
  3062 | D:4      | Found a hide-covered altar of Uskayaw.
  3143 | D:4      | Found a blossoming altar of Fedhas.
  3188 | D:5      | Entered Level 5 of the Dungeon
  3303 | D:5      | Reached XP level 6. HP: 44/47 MP: 11/11
  4048 | D:6      | Reached XP level 7. HP: 34/53 MP: 0/12
  4203 | D:6      | Reached skill level 5 in Dodging
  4409 | D:6      | Found Zin's Purification Station.
  4412 | D:6      | Found a glowing silver altar of Zin.
  4688 | D:6      | Reached XP level 8. HP: 49/61 MP: 10/14
  4804 | D:6      | Noticed Pikel
  4820 | D:6      | Noticed Blork the orc
  4827 | D:6      | Killed Pikel
  4828 | D:6      | Reached skill level 5 in Fighting
  4828 | D:6      | Reached skill level 5 in Spellcasting
  4833 | D:6      | Killed Blork the orc
  4947 | D:6      | Found a bloodstained altar of Trog.
  5021 | D:6      | Noticed Eustachio
  5100 | D:6      | Killed Eustachio
  5278 | D:6      | Reached XP level 9. HP: 69/69 MP: 10/17
  5689 | Abyss:1  | Cast into level 1 of the Abyss (wight)
  5712 | Abyss:1  | Noticed a freezing wraith
  5808 | Abyss:1  | Mangled by a spriggan defender zombie

Illustrated notes

Levels and vault maps discovered:
D:1:      lightli_arrival_isolated_outpost, layout_loops_cross,
          ebering_ecumenical_altar_rust
D:2:      minmay_alternating_diamond, layout_basic, serial_shops, shop,
          dreamdust_wishing_well, kennysheep_big_empty_room
D:3:      layout_loops_ring
D:4:      layout_basic, nicolae_uskayaw_suspiria, elyvilon_altar_1,
          lemuel_round_altar, mainiacjoe_overflow_paths,
          minmay_temple_entry_proselytizer, minmay_misc_feat_tiny,
          uniq_crazy_yiuf_cottage, uniq_grinder
D:5:      layout_gridville
D:6:      layout_cave_pods, zin_purify, trog_hazing_becter, uniq_pikel,
          uniq_eustachio, uniq_blork_the_orc
D:7:      minmay_chambers_of_sixes, layout_basic, minmay_misc_feat_x,
          kennysheep_decorative_pillar
Temple:   compressed_dpeg_triangle_lava_temple
Abyss:1:  base: D:7, gammafunk_corrupted_shrine

Skill      XL: |  1  2  3  4  5  6  7  8 |
---------------+-------------------------+-----
Fighting       | 1 2 3 4 6 |  6.3
Ice Magic      | 5 6 7 |  7.9
Dodging        | 3 4 5 7 |  7.7
Spellcasting   | 3 4 5 |  5.7
Stealth        | |  2.1

Action                     |  1- 3 |  4- 6 |  7- 9 || total
---------------------------+-------+-------+-------++-------
  Melee: Whip              |    82 |   133 |   140 ||   355
         Unarmed           |     3 |       |       ||     3
         Long sword        |    14 |       |       ||    14
         Punch             |       |     1 |     2 ||     3
         Tailslap          |       |       |     3 ||     3
   Cast: Freeze            |    14 |     4 |     2 ||    20
         Ozocubu's Armour  |       |     7 |    12 ||    19
         Frozen Ramparts   |       |     7 |    26 ||    33
    Use: Scroll            |       |       |     5 ||     5
   Stab: Sleeping          |     3 |     5 |       ||     8
 Armour: Robe              |    52 |    58 |    61 ||   171
  Dodge: Dodged            |    56 |   100 |   118 ||   274
